 Dungeon Crawl Stone Soup version 0.28.0-53-g5a82cb258f (webtiles) character file.

Game seed: 4535517518060776889

110821 Peloso the Peltast (level 16, -7/149 HPs)
             Began as a Minotaur Fighter on July 24, 2022.
             Was the Champion of Okawaru.
             Killed from afar by a deep elf zephyrmancer (30 damage)
             ... with a bolt of lightning
             ... on level 1 of the Elven Halls.
             The game lasted 01:10:35 (32588 turns).

Peloso the Peltast (Minotaur Fighter)              Turns: 32588, Time: 01:10:36

Health: -7/149     AC: 21    Str: 31    XL:     16   Next: 8%
Magic:  27/27      EV: 10    Int:  9    God:    Okawaru [******]
Gold:   1410       SH: 26    Dex: 17    Spells: 15/15 levels left

rFire   + . .      SeeInvis .   a - +6 double sword "Fynoe" {flame, MP+9 Int+4}
rCold   + + .      Faith    .   c - +0 tower shield
rNeg    + . .      Spirit   .   F - +2 plate armour {rN+}
rPois   +          Reflect  +   I - +1 hat of Lynarhu {-Cast rF+ Will+ Str+3}
rElec   .          Harm     .   m - +0 cloak
rCorr   .          Rampage  .   (no gloves)
Will    +++..      NoCast   +   (no boots)
Stlth   ..........              x - amulet "Puce" {Reflect rC+ Str+2 SH+5}
HPRegen 0.34/turn               K - ring of flight
MPRegen 0.20/turn               M - ring "Elishrets" {rPois rC+ Will+ Dex+4 Stlth+}

@: flying
A: horns 2, retaliatory headbutt
a: Renounce Religion, Heroism, Finesse, Duel


You were on level 1 of the Elven Halls.
You worshipped Okawaru.
Okawaru was exalted by your worship.
You visited 4 branches of the dungeon, and saw 22 of its levels.

You collected 2273 gold pieces.
You spent 863 gold pieces at shops.

Inventory:

Hand Weapons
 a - the +6 double sword "Fynoe" (weapon) {flame, MP+9 Int+4}
   (Okawaru gifted it to you on level 6 of the Lair of Beasts)

   It burns those it strikes, dealing additional fire damage.
   Big, fiery blades are also staple armaments of hydra-hunters.
   Int:       It affects your intelligence (+4).
   MP:        It affects your magic capacity (+9).
 b - a +4 scimitar of flaming
Armour
 c - a +0 tower shield (worn)
 m - a +0 cloak (worn)
 F - a +2 plate armour of positive energy (worn)
 I - the +1 hat of Lynarhu (worn) {-Cast rF+ Will+ Str+3}
   (Okawaru gifted it to you on level 2 of the Lair of Beasts)

   Str:       It affects your strength (+3).
   rF:        It protects you from fire.
   -Cast:     It prevents spellcasting.
   Will:      It increases your willpower.
Jewellery
 w - an amulet of reflection
 x - the amulet "Puce" (around neck) {Reflect rC+ Str+2 SH+5}
   (You found it on level 8 of the Dungeon)

   [amulet of reflection]

   It reflects blocked missile attacks.
   Str:       It affects your strength (+2).
   rC:        It protects you from cold.
   SH:        It affects your SH (+5).
 y - a ring of fire
 K - a ring of flight (left hand)
 M - the ring "Elishrets" (right hand) {rPois rC+ Will+ Dex+4 Stlth+}
   (You bought it in a shop on level 2 of the Orcish Mines)

   [ring of poison resistance]

   Dex:       It affects your dexterity (+4).
   rC:        It protects you from cold.
   rPois:     It protects you from poison.
   Will:      It increases your willpower.
   Stlth:     It makes you more stealthy.
 Q - a ring of protection from cold
 R - a +6 ring of strength
Scrolls
 h - a scroll of blinking
 i - 11 scrolls of teleportation
 j - a scroll of acquirement {unknown}
 o - 3 scrolls of fear
 p - 8 scrolls of magic mapping
 s - 3 scrolls of noise
 v - a scroll of immolation
 O - 5 scrolls of identify
Potions
 d - a potion of might
 e - 2 potions of berserk rage
 f - 9 potions of curing
 g - 2 potions of flight
 l - 2 potions of heal wounds
 G - 3 potions of invisibility


   Skills:
 + Level 15.2 Fighting
 + Level 18.1 Long Blades
 + Level 15.9 Armour
 + Level 5.3 Dodging
 + Level 3.0 Stealth
 + Level 19.0 Shields
 + Level 4.4 Invocations
 + Level 0.5 Evocations


You had 15 spell levels left.
You didn't know any spells.
Your spell library contained the following spells:

 Spells                   Type           Power      Damage    Failure   Level
 Beastly Appendage        Tmut           0%         N/A       99%         1
 Corpse Rot               Necr/Air       0%         N/A       100%        2
 Ensorcelled Hibernation  Hex/Ice        0%         N/A       100%        2
 Passwall                 Tmut/Erth      0%         N/A       100%        2
 Poisonous Vapours        Pois/Air       0%         N/A       100%        2
 Wereblood                Tmut           0%         N/A       100%        2
 Dazzling Flash           Conj/Hex       0%         N/A       100%        3
 Inner Flame              Hex/Fire       0%         N/A       100%        3
 Ozocubu's Armour         Ice            0%         N/A       100%        3
 Spider Form              Tmut/Pois      0%         N/A       100%        3
 Swiftness                Air            0%         N/A       100%        3
 Anguish                  Hex/Necr       0%         N/A       100%        4
 Cause Fear               Hex            0%         N/A       100%        4
 Iskenderun's Mystic Bla  Conj/Tloc      0%         2d3       100%        4
 Leda's Liquefaction      Hex/Erth       0%         N/A       100%        4
 Passage of Golubria      Tloc           0%         N/A       100%        4
 Sticky Flame             Conj/Fire      0%         2d3       100%        4
 Lee's Rapid Deconstruct  Erth           0%         3d5*      100%        5
 Metabolic Englaciation   Hex/Ice        0%         N/A       100%        5
 Silence                  Hex/Air        0%         N/A       100%        5
 Conjure Ball Lightning   Conj/Air       0%         3x3d6     100%        6
 Starburst                Conj/Fire      0%         6d3       100%        6
 Statue Form              Tmut/Erth      0%         N/A       100%        6
 Enfeeble                 Hex            0%         N/A       100%        7
 Discord                  Hex            0%         N/A       100%        8
 Lehudib's Crystal Spear  Conj/Erth      0%         10d2      100%        8
 Tukima's Dance           Hex            Unusable   N/A       N/A         3
 Simulacrum               Ice/Necr       Unusable   N/A       N/A         6
 Monstrous Menagerie      Summ           Unusable   N/A       N/A         7

Dungeon Overview and Level Annotations

Branches:
Dungeon (13/15)            Temple (0/1) D:5            Lair (6/6) D:8
 Shoals (0/4) Lair:2        Snake (0/4) Lair:2        Slime (0/5) Lair:5
    Orc (2/2) D:9             Elf (1/3) Orc:2
 Vaults: D:13-14

Altars:
Ashenzari
Cheibriados
Kikubaaqudgha
Nemelex Xobeh
Okawaru
Qazlal
Ru
Trog
Vehumet
Beogh

Shops:
D:7 *(   D:9 ?   D:10 *   Orc:1 *   Orc:2 (==*

Annotations:
D:8 dig
Lair:3 Casa
Lair:5 exclusion: 4 oklob plants


Innate Abilities, Weirdness & Mutations

You have a pair of horns on your head.
You reflexively headbutt those who attack you in melee.


Message History

You barely miss the deep elf pyromancer.
You headbutt the deep elf pyromancer!
The deep elf pyromancer is heavily wounded.
Unknown command.
You slash the deep elf pyromancer! You burn the deep elf pyromancer.
You headbutt the deep elf pyromancer, but do no damage.
The deep elf pyromancer is severely wounded.
You block the deep elf pyromancer's attack.
Unknown command.
You slice the deep elf pyromancer like a ripe choko!!!
You burn the deep elf pyromancer.
You kill the deep elf pyromancer!
Okawaru accepts your kill.
You block the deep elf zephyrmancer's attack.
Unknown command.
You barely miss the deep elf zephyrmancer.
You headbutt the deep elf zephyrmancer.
The deep elf zephyrmancer is lightly wounded.
You block the deep elf zephyrmancer's attack.
The deep elf zephyrmancer hits you but does no damage.
Items here: )) [[ †.
You block the deep elf zephyrmancer's attack.
You miss the deep elf zephyrmancer.
The deep elf zephyrmancer is lightly wounded.
The deep elf zephyrmancer casts a spell at you.
The bolt of lightning misses you. The bolt of lightning hits you!!
* * * LOW HITPOINT WARNING * * *
You closely miss the deep elf zephyrmancer.
The deep elf zephyrmancer is lightly wounded.
The deep elf zephyrmancer casts a spell.
The deep elf zephyrmancer blinks!
The deep elf zephyrmancer casts a spell at you.
The bolt of lightning hits you!!
* * * LOW HITPOINT WARNING * * *
You feel much better.
Things that are here:
a +0 dagger; a +0 short sword; an elf corpse The deep elf zephyrmancer points at you and mumbles some strange words.
The bolt of lightning hits you!!
You die...

#.......#####
###.#####
#.## #..#
##.# #.# #.#
#.# # #@# .#
#.# #.# #.#
#e.#
#.###...#
#)#...####
##)e.#####.
##...####...
#...####(...
#.#.####(.#..


You could see a deep elf zephyrmancer.

Vanquished Creatures
  Rupert (Lair:6)
  3 orc warlords
  A deep elf annihilator (Orc:2)
  4 dire elephants (Lair:6)
  An ettin (Orc:2)
  Harold (D:8)
  A fire dragon (D:12)
  Fannar (Lair:3)
  14 hydras
  4 boulder beetles
  A death knight (D:11)
  7 two-headed ogres
  Erica (D:11)
  A catoblepas (Lair:3)
  2 dancing weapons (Elf:1)
  10 death yaks
  A tengu warrior (D:10)
  Urug (Lair:3)
  5 orc high priests (Orc:2)
  2 deep elf knights
  A spectral anaconda (Lair:6)
  6 skeletal warriors
  4 lindwurms (Lair:6)
  An obsidian statue (Lair:6)
  2 deep elf archers (Elf:1)
  3 orc knights (Orc:2)
  Pikel (D:9)
  6 deep elf zephyrmancers
  4 necromancers (Lair:6)
  11 deep elf pyromancers
  7 cyclopes
  6 orc sorcerers
  2 manticores (D:12)
  2 ugly things (D:12)
  A black mamba (Lair:1)
  12 elephants (Lair:6)
  A dire elephant zombie (Lair:6)
  Joseph (D:8)
  Maurice (D:11)
  A gargoyle (D:13)
  16 cane toads
  A rime drake (Lair:3)
  A rime drake (shapeshifter) (D:8)
  2 kobold demonologists (D:13)
  An unseen horror (D:11)
  A yaktaur (shapeshifter) (D:13)
  An efreet (D:11)
  6 komodo dragons
  3 tengu conjurers
  A queen bee (Lair:2)
  7 trolls
  A polar bear (Lair:4)
  2 spectral elephants (Lair:6)
  19 blink frogs
  10 slime creatures (D:13)
  A vampire (D:9)
  5 wyverns
  A dire elephant simulacrum (Lair:6)
  55 yaks
  3 basilisks
  3 steam dragons
  3 vampire mosquitoes (D:12)
  7 wargs
  A death yak simulacrum (Lair:6)
  A spectral cane toad (Lair:6)
  Menkaure (D:4)
  An acid dragon (D:9)
  Duvessa (D:7)
  17 water moccasins
  3 hornet zombies
  46 orc warriors
  An ice beast (D:7)
  10 ogres
  An elephant zombie (Lair:6)
  2 black bears
  A necrophage (D:6)
  A sky beast (D:6)
  13 wolves
  A boggart (D:11)
  2 centaurs (D:8)
  An elephant skeleton (Lair:6)
  A phantom (D:6)
  The ghost of Kaptain the Digger, an amateur GrEE (D:6)
  6 kobold brigands
  20 bullfrogs
  A scorpion (D:5)
  2 gnoll sergeants
  A wyvern skeleton (D:6)
  27 killer bees
  2 elephant simulacra (Lair:6)
  Dowan (D:7)
  3 electric eels
  A spectral centaur (D:6)
  A howler monkey (D:3)
  3 centaur zombies
  A jelly (D:6)
  A hound (D:4)
  Crazy Yiuf (D:4)
  34 orc priests
  2 centaur skeletons (D:6)
  A bullfrog skeleton (D:7)
  7 iguanas
  23 orc wizards
  A killer bee zombie (D:6)
  A hound zombie (D:5)
  4 gnolls (D:12)
  A howler monkey skeleton (D:6)
  8 adders
  2 white imps
  4 worms
  6 dart slugs
  104 orcs
  8 endoplasms
  5 giant cockroaches
  9 goblins
  7 hobgoblins
  9 jackals
  3 quokkas
  8 ball pythons
  3 bats
  10 frilled lizards
  15 kobolds
  A quokka skeleton (D:4)
  11 rats
  A fungus (Lair:3)
750 creatures vanquished.

Vanquished Creatures (others)
  A water moccasin (Lair:3)
  11 fungi
  21 plants
  25 withered plants (Lair:6)
58 creatures vanquished.

Grand Total: 808 creatures vanquished

Notes
Turn   | Place    | Note
-------+----------+-------------------------------------------
     0 | D:1      | Peloso the Minotaur Fighter began the quest for the Orb.
     0 | D:1      | Reached XP level 1. HP: 19/19 MP: 0/0
   166 | D:1      | Reached XP level 2. HP: 25/27 MP: 1/1
   265 | D:1      | Reached skill level 4 in Shields
   645 | D:1      | Reached XP level 3. HP: 22/33 MP: 2/2
  1304 | D:2      | Reached XP level 4. HP: 40/40 MP: 3/3
  1959 | D:3      | Found a snail-covered altar of Cheibriados.
  2223 | D:3      | Reached XP level 5. HP: 41/47 MP: 4/4
  2809 | D:4      | Found a bloodstained altar of Trog.
  2812 | D:4      | Noticed Menkaure
  3226 | D:3      | Reached skill level 5 in Armour
  3316 | D:4      | Killed Menkaure
  3317 | D:4      | Reached skill level 5 in Long Blades
  3317 | D:4      | Reached XP level 6. HP: 16/55 MP: 5/5
  3575 | D:4      | Reached skill level 5 in Fighting
  3582 | D:4      | Found a broken altar of Ashenzari.
  3784 | D:4      | Found a runed translucent door.
  3785 | D:4      | Noticed Crazy Yiuf
  3791 | D:4      | Killed Crazy Yiuf
  4350 | D:4      | Identified the +2 robe "Jowakou" {-Cast Will+++ Str+6
                  | Slay-5}
  4359 | D:5      | Entered Level 5 of the Dungeon
  4546 | D:5      | Reached XP level 7. HP: 55/61 MP: 6/6
  5012 | D:5      | Noticed a two-headed ogre
  5091 | D:6      | Reached skill level 1 in Dodging
  5322 | D:6      | Noticed Kaptain's ghost (amateur GrEE)
  5323 | D:6      | Found a runed translucent gate.
  5323 | D:6      | Found a runed translucent gate.
  5323 | D:6      | Found a runed translucent gate.
  5463 | D:6      | Reached skill level 5 in Shields
  5470 | D:6      | Reached XP level 8. HP: 64/69 MP: 7/7
  5821 | D:6      | Found a sacrificial altar of Ru.
  6085 | D:6      | Found an ancient bone altar of Kikubaaqudgha.
  6085 | D:6      | Found a stormy altar of Qazlal.
  6419 | D:7      | Found an iron altar of Okawaru.
  6419 | D:7      | Found a sparkling altar of Nemelex Xobeh.
  6423 | D:7      | Became a worshipper of Warmaster Okawaru
  6703 | D:7      | Found Wuagumuih's Assorted Antiques.
  6709 | D:7      | Bought a fizzy dark potion for 33 gold pieces
  6749 | D:7      | Reached skill level 6 in Shields
  6843 | D:7      | Reached * piety under Okawaru
  7249 | D:7      | Found Gita's Weapon Shoppe.
  7252 | D:7      | Noticed Duvessa
  7252 | D:7      | Noticed Dowan
  7268 | D:7      | Killed Duvessa
  7269 | D:7      | Reached XP level 9. HP: 77/78 MP: 5/8
  7277 | D:7      | Killed Dowan
  7382 | D:8      | Identified the +9 rapier "Zukheera" {speed, rF+}
  7455 | D:8      | Reached skill level 10 in Long Blades
  7531 | D:8      | Found a staircase to the Lair.
  7557 | D:8      | Reached skill level 1 in Stealth
  7937 | D:8      | Noticed a two-headed ogre
  8222 | D:7      | Reached ** piety under Okawaru
  8427 | D:8      | Noticed a rime drake
  8427 | D:8      | an acid dragon changed into a rime drake
  8433 | D:8      | Killed a rime drake
  8489 | D:5      | Found a staircase to the Ecumenical Temple.
  8631 | D:5      | Killed a two-headed ogre
  8632 | D:5      | Reached skill level 7 in Shields
  8632 | D:5      | Reached XP level 10. HP: 58/88 MP: 6/9
  9022 | D:8      | Identified the amulet "Puce" {Reflect rC+ Str+2 SH+5}
  9041 | D:8      | Noticed Joseph
  9088 | D:8      | Killed Joseph
  9089 | D:8      | Reached skill level 1 in Invocations
  9283 | D:8      | Noticed Harold
  9312 | D:8      | Killed Harold
  9312 | D:8      | Reached *** piety under Okawaru
  9313 | D:8      | Reached skill level 10 in Armour
  9743 | D:8      | Killed a two-headed ogre
  9985 | D:9      | Found Ahi We Tat's Magic Scroll Shoppe.
  9988 | D:9      | Bought a scroll of magic mapping for 42 gold pieces
 10596 | D:9      | Bought a scroll of teleportation for 36 gold pieces
 10596 | D:9      | Bought a scroll of teleportation for 36 gold pieces
 10596 | D:9      | Bought a scroll of magic mapping for 42 gold pieces
 10647 | D:9      | Reached **** piety under Okawaru
 10688 | D:9      | Reached skill level 8 in Shields
 10793 | D:9      | Reached XP level 11. HP: 95/97 MP: 11/11
 10808 | D:9      | Noticed Pikel
 10820 | D:9      | Killed Pikel
 10876 | D:9      | Reached ***** piety under Okawaru
 11411 | D:9      | Found a staircase to the Orcish Mines.
 11901 | D:10     | Entered Level 10 of the Dungeon
 12148 | D:10     | Found Darirur's Assorted Antiques.
 12157 | D:10     | Bought a fuming coppery potion for 27 gold pieces
 12157 | D:10     | Bought a scroll labelled GOFAMA NIWNOCE for 30 gold pieces
 12184 | D:10     | Found a radiant altar of Vehumet.
 12211 | D:10     | Noticed a tengu warrior
 12223 | D:10     | Killed a tengu warrior
 13048 | D:11     | Reached skill level 9 in Shields
 13127 | D:11     | Noticed a skeletal warrior
 13165 | D:11     | Killed a skeletal warrior
 13257 | D:11     | Noticed a death knight
 13293 | D:11     | Killed a death knight
 13294 | D:11     | Reached skill level 10 in Fighting
 13665 | D:11     | Noticed a boulder beetle
 13673 | D:11     | Killed a boulder beetle
 13820 | D:11     | Reached skill level 10 in Shields
 13956 | D:11     | Noticed a seven-headed hydra
 13963 | D:11     | Killed a four-headed hydra
 13964 | D:11     | Reached XP level 12. HP: 82/106 MP: 9/13
 14059 | D:11     | Noticed a two-headed ogre
 14068 | D:11     | Killed a two-headed ogre
 14082 | D:11     | Noticed a boulder beetle
 14097 | D:11     | Killed a boulder beetle
 14143 | D:11     | Noticed an eight-headed hydra
 14155 | D:11     | Killed a five-headed hydra
 14327 | D:11     | Noticed Maurice
 14340 | D:11     | Killed Maurice
 14455 | D:11     | Noticed an eight-headed hydra
 14463 | D:11     | Killed a four-headed hydra
 14464 | D:11     | Reached skill level 11 in Shields
 14575 | D:11     | Identified the +1 dagger "Vuadiocu" {venom, Contam rElec
                  | rC++ Will+}
 14895 | D:11     | Noticed Erica
 14903 | D:11     | Killed Erica
 15133 | Lair:1   | Entered Level 1 of the Lair of Beasts
 15316 | Lair:1   | Noticed an eight-headed hydra
 15327 | Lair:1   | Killed a three-headed hydra
 15480 | Lair:1   | Received a gift from Okawaru
 15480 | Lair:1   | Found the +8 arc blade {discharge, rElec}
 15925 | Lair:1   | Noticed a seven-headed hydra
 15934 | Lair:1   | Killed a three-headed hydra
 16181 | Lair:1   | Noticed a five-headed hydra
 16190 | Lair:1   | Killed a one-headed hydra
 16191 | Lair:1   | Reached skill level 12 in Shields
 16274 | Lair:1   | Reached skill level 15 in Long Blades
 16667 | Lair:1   | Reached ****** piety under Okawaru
 17284 | Lair:1   | Reached XP level 13. HP: 116/116 MP: 14/14
 17313 | Lair:1   | Received a gift from Okawaru
 17710 | Lair:2   | Found a staircase to the Snake Pit.
 17748 | Lair:2   | Reached skill level 13 in Shields
 18241 | Lair:2   | Identified the +1 hat of Lynarhu {-Cast rF+ Will+ Str+3}
                  | (Okawaru gifted it to you on level 2 of the Lair of Beasts)
 18241 | Lair:2   | Received a gift from Okawaru
 18817 | Lair:2   | Found a staircase to the Shoals.
 19394 | Lair:3   | Noticed Urug
 19412 | Lair:3   | Killed Urug
 19507 | Lair:3   | Noticed Fannar
 19512 | Lair:3   | Reached skill level 14 in Shields
 19532 | Lair:3   | Killed Fannar
 20838 | D:12     | Noticed a fire dragon
 20853 | D:12     | Killed a fire dragon
 21274 | D:12     | Reached XP level 14. HP: 126/127 MP: 15/15
 21527 | Orc:1    | Entered Level 1 of the Orcish Mines
 21529 | Orc:1    | Noticed an orc warlord
 21919 | D:9      | Killed an orc warlord
 21919 | D:9      | Identified the +8 arbalest of the Apocalypse {speed, rF++
                  | rC+ Will+++} (Okawaru gifted it to you on level 9 of the
                  | Dungeon)
 21919 | D:9      | Received a gift from Okawaru
 21920 | D:9      | Reached skill level 15 in Shields
 22318 | Orc:1    | Found Deuwaos's General Store.
 22455 | Orc:2    | Entered Level 2 of the Orcish Mines
 22849 | Orc:2    | Reached skill level 5 in Dodging
 23618 | Orc:2    | Noticed an orc warlord
 23626 | Orc:2    | Killed an orc warlord
 24007 | Orc:2    | Found Sawnywk's Weapon Emporium.
 24030 | Orc:2    | Found Ceamip's Jewellery Shoppe.
 24051 | Orc:2    | Bought the ring "Elishrets" {rPois rC+ Will+ Dex+4 Stlth+}
                  | for 558 gold pieces
 24349 | Orc:2    | Found a staircase to the Elven Halls.
 24619 | Orc:2    | Noticed an orc warlord
 24649 | Orc:2    | Killed an orc warlord
 24650 | Orc:2    | Reached skill level 16 in Shields
 24950 | Orc:2    | Found Naibeope's General Store.
 24995 | Orc:2    | Bought a scroll of magic mapping for 59 gold pieces
 25023 | Orc:2    | Found Egis's Jewellery Emporium.
 25123 | Orc:2    | HP: 6/129 [orc high priest/divine providence (12)]
 25163 | Orc:2    | Received a gift from Okawaru
 26937 | D:13     | Reached skill level 17 in Shields
 26985 | D:13     | Received a gift from Okawaru
 27622 | Lair:4   | Reached skill level 15 in Armour
 27639 | Lair:4   | Reached XP level 15. HP: 83/137 MP: 17/17
 28607 | Lair:5   | Found a staircase to the Slime Pits.
 29412 | Lair:6   | Entered Level 6 of the Lair of Beasts
 29414 | Lair:6   | Noticed Rupert
 29424 | Lair:6   | Killed Rupert
 29424 | Lair:6   | Identified the +6 double sword "Fynoe" {flame, MP+9 Int+4}
                  | (Okawaru gifted it to you on level 6 of the Lair of Beasts)
 29424 | Lair:6   | Received a gift from Okawaru
 29863 | Lair:6   | Reached skill level 18 in Shields
 29877 | Lair:6   | Got the Grimoire of the Entourage and Combat Magic
 30240 | Lair:6   | Identified the +7 arbalest of Agony {penet, Drain rCorr
                  | Str-2 Dex+3} (Okawaru gifted it to you on level 6 of the
                  | Lair of Beasts)
 30240 | Lair:6   | Received a gift from Okawaru
 30736 | Lair:6   | Identified the +0 robe of Winn {rF+ Int-5 Dex+2} (Okawaru
                  | gifted it to you on level 6 of the Lair of Beasts)
 30736 | Lair:6   | Received a gift from Okawaru
 30748 | Lair:6   | Reached skill level 15 in Fighting
 31562 | D:6      | Killed Kaptain's ghost
 31752 | Elf:1    | Entered Level 1 of the Elven Halls
 32163 | Elf:1    | Reached XP level 16. HP: 117/149 MP: 18/18
 32487 | Elf:1    | Reached skill level 19 in Shields
 32582 | Elf:1    | HP: 4/149 [deep elf zephyrmancer/bolt of lightning (31)]
 32588 | Elf:1    | Killed from afar by a deep elf zephyrmancer

Illustrated notes

Levels and vault maps discovered:
D:1:      minmay_arrival_wavy_path, layout_basic, st_stairs_9,
          chequers_serial_rivers_micro_b
D:2:      layout_basic, minmay_octomino_c4
D:3:      cheibrodos_old_hovel, layout_basic, mainiacjoe_overflow_catwalk,
          grunt_decor_junction, grunt_ministairs_15
D:4:      layout_loops_ring, nicolae_ashenzari_panopticon,
          mainiacjoe_overflow_cross_hatched, minmay_misc_feat_square,
          uniq_crazy_yiuf_cottage, uniq_menkaure
D:5:      layout_cave_pools, minmay_temple_entry_tees
D:6:      layout_loops_ring, lemuel_round_altar,
          gammafunk_temple_overflow_statue, gammafunk_ghost_necromancy,
          kennysheep_generic_room_15
D:7:      layout_loops_cross, mainiacjoe_overflow_divided_tiny, serial_shops,
          nicolae_shop_bloodbath_and_beyond, shop, uniq_duvessa
D:8:      hangedman_cross_stitches, layout_basic, erik_lair_orcish_takeover,
          nicolae_straight_to_the_point, uniq_joseph, uniq_harold
D:9:      layout_loops_cross, minmay_orc_entry_guard_dogs, serial_shops,
          nicolae_stop_n_shop_2, serial_bayou_lagoon_a, fountainhead,
          kennysheep_doodads, uniq_pikel
D:10:     layout_loops_ring, vehumet_crystals, special_room [special_room_orc],
          serial_shops, nicolae_shop_waterfront
D:11:     layout_long_grid, minivault_28, uniq_erica, uniq_maurice
D:12:     layout_loops_cross, chequers_serial_rivers_room_b
D:13:     layout_loops_ring
Lair:1:   layout_long_grid, beast_lair_carwin_2
Lair:2:   layout_concentric_octagons, elwin_shoals_entry_rocks,
          guppyfry_snake_entry_island, special_room [special_room_bee],
          lemuel_fruit_tree
Lair:3:   layout_gridlike, uniq_urug, uniq_fannar
Lair:4:   cheibrodos_lair_river_kwai, layout_hall_layers,
          nicolae_quartered_pool_little
Lair:5:   layout_concentric_octagons, minmay_slime_entry_oklob_open,
          grunt_megastairs_2
Lair:6:   due_jungle_book, layout_regular_city, minmay_lindwurm_lava,
          uniq_rupert
Orc:1:    layout_caves, serial_shops, shop
Orc:2:    pubby_orc_utopia
Elf:1:    nicolae_elf_arrival_fired_up, layout_loops_ring, minmay_elf_sorcery

Skill      XL: |  1  2  3  4  5  6  7  8  9 10 11 12 13 14 15 16 |
---------------+-------------------------------------------------+-----
Shields        | 4 5 6 7 8 10 12 14 17 18 19 | 19.0
Fighting       | 4 5 6 7 9 10 11 12 13 15 | 15.2
Armour         | 4 5 6 7 8 9 11 13 14 15 | 15.9
Long Blades    | 3 4 5 6 7 9 11 12 14 15 16 18 | 18.1
Dodging        | 1 2 3 4 5 |  5.3
Stealth        | 1 2 3 |  3.0
Invocations    | 1 2 3 4 |  4.4
Evocations     | |  0.5

Action                   |  1- 3 |  4- 6 |  7- 9 | 10-12 | 13-15 | 16-18 || total
-------------------------+-------+-------+-------+-------+-------+-------++-------
Melee: Long sword        |    89 |   122 |   258 |   295 |       |       ||   764
       Headbutt          |     8 |    19 |    50 |   138 |   328 |    12 ||   555
       Falchion          |       |       |       |   114 |       |       ||   114
       Scimitar          |       |       |       |   192 |  1112 |       ||  1304
       Double sword      |       |       |       |       |   253 |    36 ||   289
Invok: Heroism           |       |       |     5 |    24 |    32 |       ||    61
       Finesse           |       |       |       |     1 |       |       ||     1
Evoke: Wand              |       |       |       |     6 |     2 |       ||     8
  Use: Scroll            |     5 |     3 |     5 |     4 |     8 |       ||    25
       Potion            |     1 |       |     1 |     5 |     1 |     1 ||     9
 Stab: Petrified         |       |       |       |       |     1 |       ||     1
Armor: Scale mail        |    49 |    29 |       |       |       |       ||    78
       Chain mail        |       |    20 |   139 |   200 |   171 |       ||   530
       Plate armour      |       |       |       |       |   178 |     6 ||   184
Dodge: Dodged            |    55 |    44 |    62 |   115 |   241 |     8 ||   525
Block: Buckler           |    19 |    26 |    74 |   107 |       |       ||   226
       Reflection        |       |       |       |     7 |    27 |     5 ||    39
       Tower shield      |       |       |       |   267 |  1538 |    28 ||  1833
